 Dungeon Crawl Stone Soup version 0.29.0-15-g675c0067aa (webtiles) character file.

Game seed: 11418253135487583003

5324 qw the Cleaver (level 10, -13/86 HPs)
             Began as a Minotaur Berserker on Sept 12, 2022.
             Was a Priest of Trog.
             Killed from afar by a molten gargoyle (14 damage)
             ... with a bolt of magma
             ... on level 9 of the Dungeon.
             The game lasted 00:02:56 (8918 turns).

qw the Cleaver (Minotaur Berserker)                 Turns: 8918, Time: 00:02:56

Health: -13/86     AC:  9    Str: 27    XL:     10   Next: 38%
Magic:  9/9        EV:  6    Int:  4    God:    Trog [***...]
Gold:   558        SH: 16    Dex:  9    Spells: 9/9 levels left

rFire   + . .      SeeInvis .   Y - +2 war axe
rCold   . . .      Faith    .   a - +0 tower shield
rNeg    . . .      Spirit   .   f - +0 chain mail
rPois   .          Reflect  .   (helmet restricted)
rElec   .          Harm     .   (no cloak)
rCorr   .          Rampage  .   (no gloves)
Will    .....                   (no boots)
Stlth   ..........              (no amulet)
HPRegen 0.24/turn               k - ring of protection from fire
MPRegen 0.11/turn               (no ring)

@: about to teleport, on berserk cooldown
A: horns 2, retaliatory headbutt
a: Renounce Religion, Berserk, Trog's Hand


You were on level 9 of the Dungeon.
You worshipped Trog.
Trog was most pleased with you.
You visited 1 branch of the dungeon, and saw 9 of its levels.

You collected 558 gold pieces.


Innate Abilities, Weirdness & Mutations

You have a pair of horns on your head.
You reflexively headbutt those who attack you in melee.


   Skills:
 - Level 7.1 Fighting
 + Level 12.4 Axes
 - Level 1.3 Throwing
 - Level 4.0 Armour
 - Level 2.1 Dodging
 - Level 12.0 Shields


You had 9 spell levels left.
You didn't know any spells.
Your spell library was empty.

Inventory:

Hand Weapons
 b - a +2 flail of protection
 Y - a +2 war axe (weapon)
Missiles
 g - 4 boomerangs (quivered)
Armour
 a - a +0 tower shield (worn)
 f - a +0 chain mail (worn)
Jewellery
 k - a ring of protection from fire (left hand)
Wands
 d - a wand of digging (1)
Scrolls
 c - 2 scrolls of identify
 e - 3 scrolls of teleportation
Potions
 h - a potion of might {unknown}
 i - a potion of mutation
 j - a potion of resistance
 l - a potion of haste
 m - a potion of curing
 n - a potion of ambrosia {unknown}
 o - a potion of cancellation {unknown}

Dungeon Overview and Level Annotations

Branches:
Dungeon (9/15)             Temple (0/1) D:6
   Lair: D:8-11         Orc: D:9-12

Altars:
Dithmenos
Fedhas
Hepliaklqana
Sif Muna
Wu Jian
Zin
The Shining One

Shops:
D:2 (


Message History

You can no longer call in reinforcements.
The molten gargoyle blasts magma at you!
The bolt of magma hits you! You partially resist.
You hit the molten gargoyle.
The molten gargoyle is severely damaged.
You slash the molten gargoyle!
You feel the power of Trog in you as your rage grows.
You destroy the molten gargoyle!
Trog accepts your kill.
You start resting.
You feel a strong urge to attack something.
You feel your anger nearly subside.
You are no longer berserk.
You are exhausted.
You feel yourself slow down.
A molten gargoyle comes into view. It is wielding a +0 flail.
The molten gargoyle moves out of view.
You start resting.
A molten gargoyle is nearby!
You see here a +0 flail.
You block the molten gargoyle's attack.
You closely miss the molten gargoyle.
The molten gargoyle blasts magma at you!
The bolt of magma hits you! You partially resist.
The molten gargoyle blasts magma at you!
The bolt of magma hits you! You partially resist.
8916 ||| READING 4 scrolls of teleportation.
As you read the scroll of teleportation, it crumbles to dust.
You feel strangely unstable.
You feel yourself speed up.
You block the molten gargoyle's attack. x2
You slash the molten gargoyle!
The molten gargoyle is moderately damaged.
The molten gargoyle blasts magma at you!
The bolt of magma hits you! You partially resist.
You hit the molten gargoyle but do no damage.
The molten gargoyle is moderately damaged.
The molten gargoyle blasts magma at you!
The bolt of magma hits you! You partially resist.
You die...

#..........#
#..........#
+.#####....#
#. #))..# ..
#.)).# .
#....#
#....#
#)...#
#@<..#
.......9...#
...........#
.#.#.#.#...#
#.#.#.# #..#
~.~.. ..#
~~ยค ~~ ..#
~~ ~~~ ..#


You could see a molten gargoyle.

Vanquished Creatures
  Erica (D:8)
  A molten gargoyle (D:9)
  A vampire (D:8)
  Sigmund (D:2)
  2 wyverns
  2 vampire mosquitoes (D:8)
  Menkaure (D:5)
  2 water moccasins
  2 ice beasts (D:7)
  4 black bears
  An orc warrior (D:9)
  2 sky beasts
  4 ogres
  2 centaurs
  A kobold brigand (D:9)
  4 bullfrogs
  3 necrophages
  A scorpion (D:4)
  3 wights (D:8)
  3 killer bees (D:7)
  A howler monkey (D:7)
  A gnoll bouda (D:5)
  6 hounds
  3 jellies
  2 orc priests
  Terence (D:3)
  10 iguanas
  Natasha (thrice) (D:2)
  2 orc wizards
  Robin (D:2)
  6 adders
  8 gnolls
  An ufetubus (D:5)
  A worm (D:2)
  23 orcs
  12 ball pythons
  9 endoplasms
  A giant cockroach (D:1)
  11 hobgoblins
  4 jackals (D:1)
  4 quokkas
  4 bats
  4 frilled lizards
  15 goblins
  9 kobolds
  5 rats
  A spectral kobold (D:4)
189 creatures vanquished.

Vanquished Creatures (others)
  8 fungi (D:9)
  5 plants (D:9)
13 creatures vanquished.

Grand Total: 202 creatures vanquished

Notes
Turn   | Place    | Note
-------+----------+-------------------------------------------
     0 | D:1      | qw the Minotaur Berserker began the quest for the Orb.
     0 | D:1      | Reached XP level 1. HP: 19/19 MP: 0/0
     0 | D:1      | 0 ||| qw: Version: 0.1-a-119-g272c26d
     0 | D:1      | 0 ||| qw: Game counter: 10869
     0 | D:1      | 0 ||| qw: Always use a shield: true
     0 | D:1      | 0 ||| qw: Do Orc after D:15 true
     0 | D:1      | 0 ||| qw: Do second Lair branch before Depths: true
     0 | D:1      | 0 ||| qw: Lair rune preference: random
     0 | D:1      | 0 ||| qw: Plans: Normal
     0 | D:1      | 0 ||| PLANNING D:1-11
    17 | D:1      | 17 ||| SWAPPING to +0 war axe.
    27 | D:1      | 27 ||| INVOKING Berserk.
   207 | D:1      | 207 ||| DROPPING +0 hand axe.
   321 | D:1      | Reached XP level 2. HP: 15/26 MP: 1/1
   497 | D:1      | Found a faded altar of an unknown god.
   589 | D:1      | 589 ||| Stepping ~*~*~tactically~*~*~ (stealth).
   591 | D:1      | 591 ||| Stepping ~*~*~tactically~*~*~ (stealth).
   593 | D:1      | 593 ||| Stepping ~*~*~tactically~*~*~ (stealth).
   776 | D:1      | Reached ** piety under Trog
   973 | D:1      | 973 ||| Stepping ~*~*~tactically~*~*~ (stealth).
  1094 | D:1      | 1094 ||| UPGRADING to +0 chain mail.
  1104 | D:1      | 1104 ||| DROPPING +0 animal skin.
  1105 | D:1      | 1105 ||| READING 2 scrolls labelled UTSUKU ROGAMA.
  1106 | D:1      | 1106 ||| READING scroll labelled COUTAC ZOIMAYL.
  1107 | D:1      | 1107 ||| READING scroll labelled NEOSTYRRETT.
  1110 | D:1      | 1110 ||| READING scroll labelled CUDAKUJYG HUV.
  1211 | D:1      | 1211 ||| DRINKING 2 sedimented ruby potions.
  1238 | D:2      | Reached XP level 3. HP: 28/31 MP: 2/2
  1274 | D:2      | Noticed Natasha
  1277 | D:2      | 1277 ||| INVOKING Berserk.
  1278 | D:2      | Killed Natasha
  1399 | D:2      | Found Bauru's Antique Weapon Shop.
  1405 | D:2      | 1405 ||| SHOPLISTING mace (48 gold, have 34).
  1509 | D:2      | Reached XP level 4. HP: 35/39 MP: 3/3
  1545 | D:2      | Reached skill level 6 in Axes
  1659 | D:2      | 1659 ||| Stepping ~*~*~tactically~*~*~ (stealth).
  1667 | D:2      | 1667 ||| Stepping ~*~*~tactically~*~*~ (stealth).
  1672 | D:2      | Noticed Natasha
  1673 | D:2      | 1673 ||| Stepping ~*~*~tactically~*~*~ (stealth).
  1682 | D:2      | 1682 ||| Stepping ~*~*~tactically~*~*~ (stealth).
  1684 | D:2      | 1684 ||| Stepping ~*~*~tactically~*~*~ (hiding).
  1686 | D:2      | 1686 ||| INVOKING Berserk.
  1688 | D:2      | Killed Natasha
  1735 | D:2      | Noticed Sigmund
  1737 | D:2      | 1737 ||| DRINKING potion of curing.
  1737 | D:2      | 1737 ||| (to cure confusion)
  1740 | D:2      | 1740 ||| INVOKING Berserk.
  1750 | D:2      | Killed Sigmund
  1751 | D:2      | Reached XP level 5. HP: 45/45 MP: 4/4
  1751 | D:2      | Reached XP level 6. HP: 51/51 MP: 5/5
  1855 | D:2      | 1855 ||| DROPPING +0 club.
  1902 | D:2      | Noticed Robin
  1904 | D:2      | 1904 ||| Stepping ~*~*~tactically~*~*~ (hiding).
  1911 | D:2      | 1911 ||| Stepping ~*~*~tactically~*~*~ (hiding).
  1914 | D:2      | 1914 ||| INVOKING Berserk.
  1917 | D:2      | Killed Robin
  1975 | D:2      | 1975 ||| DROPPING +0 whip.
  2170 | D:2      | Reached *** piety under Trog
  2251 | D:2      | 2251 ||| READING scroll labelled CUNUEPA KEUNK.
  2252 | D:2      | 2252 ||| READING scroll labelled ANGANO ROCUER.
  2253 | D:2      | 2253 ||| READING scroll labelled ETUDWI ACVOA.
  2266 | D:3      | Noticed Terence
  2270 | D:3      | 2270 ||| STAIRDANCE
  2275 | D:3      | 2275 ||| STAIRDANCE
  2280 | D:3      | 2280 ||| INVOKING Berserk.
  2282 | D:3      | Killed Terence
  2296 | D:3      | 2296 ||| FLEEEEING.
  2297 | D:3      | 2297 ||| STAIRDANCE
  2342 | D:2      | Noticed Natasha
  2343 | D:2      | 2343 ||| Stepping ~*~*~tactically~*~*~ (stealth).
  2346 | D:2      | 2346 ||| INVOKING Berserk.
  2348 | D:2      | Killed Natasha
  2368 | D:2      | 2368 ||| Stepping ~*~*~tactically~*~*~ (stealth).
  2372 | D:2      | 2372 ||| Stepping ~*~*~tactically~*~*~ (stealth).
  2476 | D:2      | 2476 ||| DRINKING 2 metallic puce potions.
  2477 | D:2      | 2477 ||| DROPPING potion of flight.
  2514 | D:3      | Found an ornate altar of the Wu Jian Council.
  2768 | D:3      | 2768 ||| INVOKING Berserk.
  2772 | D:3      | Reached skill level 9 in Axes
  2916 | D:3      | 2916 ||| DROPPING +1 hand axe of electrocution.
  2960 | D:3      | 2960 ||| Stepping ~*~*~tactically~*~*~ (hiding).
  2963 | D:3      | 2963 ||| INVOKING Berserk.
  3203 | D:3      | 3203 ||| READING scroll labelled UMUDGH FUOGHAIZOD.
  3204 | D:3      | 3204 ||| READING scroll labelled SYTOL ZADI.
  3205 | D:3      | 3205 ||| READING 4 scrolls of identify.
  3205 | D:3      | 3205 ||| IDENTIFYING glowing blue potion
  3206 | D:3      | 3206 ||| READING 3 scrolls of identify.
  3206 | D:3      | 3206 ||| IDENTIFYING bubbling white potion
  3207 | D:3      | 3207 ||| READING 2 scrolls of identify.
  3207 | D:3      | 3207 ||| IDENTIFYING grey potion
  3208 | D:3      | 3208 ||| DROPPING potion of invisibility.
  3209 | D:3      | 3209 ||| DROPPING potion of degeneration.
  3210 | D:3      | 3210 ||| DROPPING potion of brilliance.
  3391 | D:4      | Found a hazy altar of Hepliaklqana.
  3413 | D:4      | 3413 ||| Stepping ~*~*~tactically~*~*~ (stealth).
  3429 | D:4      | Reached XP level 7. HP: 59/61 MP: 6/6
  3447 | D:4      | 3447 ||| Stepping ~*~*~tactically~*~*~ (stealth).
  3448 | D:4      | 3448 ||| Stepping ~*~*~tactically~*~*~ (stealth).
  3474 | D:4      | 3474 ||| Stepping ~*~*~tactically~*~*~ (stealth).
  3565 | D:4      | 3565 ||| DROPPING +1 whip of venom.
  3681 | D:4      | Reached skill level 3 in Armour
  3864 | D:4      | 3864 ||| INVOKING Berserk.
  3925 | D:4      | 3925 ||| Stepping ~*~*~tactically~*~*~ (stealth).
  3981 | D:4      | 3981 ||| INVOKING Berserk.
  4113 | D:4      | 4113 ||| Stepping ~*~*~tactically~*~*~ (stealth).
  4248 | D:4      | Reached **** piety under Trog
  4258 | D:4      | Noticed a wyvern
  4265 | D:4      | 4265 ||| READING 2 scrolls of identify.
  4265 | D:4      | 4265 ||| IDENTIFYING fuming green potion
  4266 | D:4      | 4266 ||| DROPPING potion of lignification.
  4267 | D:4      | 4267 ||| READING 4 scrolls of teleportation.
  4401 | D:4      | Reached skill level 6 in Fighting
  4410 | D:4      | Killed a wyvern
  4411 | D:4      | Reached XP level 8. HP: 41/70 MP: 7/7
  4600 | D:5      | Entered Level 5 of the Dungeon
  4700 | D:5      | 4700 ||| Stepping ~*~*~tactically~*~*~ (stealth).
  4701 | D:5      | 4701 ||| Stepping ~*~*~tactically~*~*~ (stealth).
  4744 | D:5      | Reached skill level 1 in Throwing
  4795 | D:5      | 4795 ||| Stepping ~*~*~tactically~*~*~ (stealth).
  4796 | D:5      | 4796 ||| Stepping ~*~*~tactically~*~*~ (stealth).
  4866 | D:5      | 4866 ||| INVOKING Berserk.
  5072 | D:5      | 5072 ||| INVOKING Berserk.
  5228 | D:5      | Noticed Menkaure
  5229 | D:5      | 5229 ||| Stepping ~*~*~tactically~*~*~ (hiding).
  5236 | D:5      | 5236 ||| INVOKING Berserk.
  5240 | D:5      | Killed Menkaure
  5241 | D:5      | Reached skill level 12 in Axes
  5344 | D:5      | 5344 ||| Stepping ~*~*~tactically~*~*~ (stealth).
  5353 | D:5      | 5353 ||| Stepping ~*~*~tactically~*~*~ (stealth).
  5489 | D:5      | Found a glowing golden altar of the Shining One.
  5492 | D:5      | 5492 ||| Stepping ~*~*~tactically~*~*~ (stealth).
  5493 | D:5      | 5493 ||| Stepping ~*~*~tactically~*~*~ (stealth).
  5772 | D:5      | 5772 ||| UPGRADING to +0 tower shield.
  5777 | D:5      | 5777 ||| READING scroll labelled QEYREENIUWK.
  5778 | D:5      | 5778 ||| READING 3 scrolls of identify.
  5778 | D:5      | 5778 ||| IDENTIFYING viscous pink potion
  5779 | D:5      | 5779 ||| READING 2 scrolls of identify.
  5779 | D:5      | 5779 ||| IDENTIFYING cyan potion
  5848 | D:6      | Found a shimmering blue altar of Sif Muna.
  5923 | D:6      | 5923 ||| Stepping ~*~*~tactically~*~*~ (stealth).
  5930 | D:6      | Reached skill level 1 in Shields
  6094 | D:6      | Reached skill level 3 in Shields
  6114 | D:6      | 6114 ||| INVOKING Berserk.
  6122 | D:6      | Reached XP level 9. HP: 75/75 MP: 8/8
  6219 | D:6      | Found a staircase to the Ecumenical Temple.
  6346 | D:6      | 6346 ||| Stepping ~*~*~tactically~*~*~ (hiding).
  6347 | D:6      | 6347 ||| Stepping ~*~*~tactically~*~*~ (hiding).
  6350 | D:6      | 6350 ||| INVOKING Berserk.
  6387 | D:6      | 6387 ||| FLEEEEING.
  6388 | D:6      | 6388 ||| FLEEEEING.
  6389 | D:6      | 6389 ||| FLEEEEING.
  6390 | D:6      | 6390 ||| FLEEEEING.
  6391 | D:6      | 6391 ||| FLEEEEING.
  6393 | D:6      | 6393 ||| FLEEEEING.
  6394 | D:6      | 6394 ||| FLEEEEING.
  6395 | D:6      | 6395 ||| FLEEEEING.
  6400 | D:6      | 6400 ||| READING scroll of enchant weapon.
  6400 | D:6      | 6400 ||| ENCHANTING +1 war axe.
  6645 | D:6      | 6645 ||| UPGRADING to ring of protection from fire.
  6646 | D:6      | 6646 ||| READING 2 scrolls of identify.
  6646 | D:6      | 6646 ||| IDENTIFYING golden potion
  6647 | D:6      | 6647 ||| DROPPING potion of attraction.
  6666 | D:7      | 6666 ||| STAIRDANCE
  6672 | D:6      | Reached skill level 6 in Shields
  6741 | D:7      | 6741 ||| INVOKING Berserk.
  6770 | D:7      | 6770 ||| STAIRDANCE
  6960 | D:7      | 6960 ||| INVOKING Berserk.
  6963 | D:7      | HP: 27/112 [killer bee (4)]
  6967 | D:7      | HP: 13/112 [poisoned by a water moccasin]
  6970 | D:7      | HP: 6/75 [poisoned by a water moccasin]
  6974 | D:7      | HP: 2/75 [poisoned by a water moccasin]
  7055 | D:7      | 7055 ||| Stepping ~*~*~tactically~*~*~ (stealth).
  7057 | D:7      | 7057 ||| Stepping ~*~*~tactically~*~*~ (stealth).
  7312 | D:7      | Found a glowing silver altar of Zin.
  7377 | D:7      | 7377 ||| Stepping ~*~*~tactically~*~*~ (stealth).
  7385 | D:7      | 7385 ||| Stepping ~*~*~tactically~*~*~ (hiding).
  7404 | D:7      | 7404 ||| Stepping ~*~*~tactically~*~*~ (stealth).
  7418 | D:7      | Found a blossoming altar of Fedhas.
  7490 | D:7      | Reached skill level 9 in Shields
  7792 | D:7      | 7792 ||| READING 2 scrolls labelled XAELIY ADESORCH.
  7793 | D:7      | 7793 ||| READING scroll labelled GEBBUGUTTE.
  7794 | D:7      | 7794 ||| READING 2 scrolls of identify.
  7794 | D:7      | 7794 ||| IDENTIFYING glowing purple potion
  7795 | D:7      | 7795 ||| DROPPING scroll of fog.
  7816 | D:8      | Noticed Erica
  7820 | D:8      | 7820 ||| INVOKING Berserk.
  7824 | D:8      | Killed Erica
  7836 | D:8      | Reached XP level 10. HP: 53/83 MP: 9/9
  7960 | D:8      | 7960 ||| FLEEEEING.
  7962 | D:8      | 7962 ||| FLEEEEING.
  7963 | D:8      | 7963 ||| STAIRDANCE
  8066 | D:8      | 8066 ||| INVOKING Berserk.
  8197 | D:8      | 8197 ||| FLEEEEING.
  8198 | D:8      | 8198 ||| FLEEEEING.
  8199 | D:8      | 8199 ||| FLEEEEING.
  8307 | D:8      | Reached skill level 12 in Shields
  8378 | D:8      | Found a shadowy altar of Dithmenos.
  8591 | D:9      | 8591 ||| INVOKING Berserk.
  8624 | D:9      | 8624 ||| FLEEEEING.
  8625 | D:9      | 8625 ||| FLEEEEING.
  8637 | D:9      | 8637 ||| INVOKING Berserk.
  8695 | D:9      | 8695 ||| Stepping ~*~*~tactically~*~*~ (stealth).
  8738 | D:9      | 8738 ||| Stepping ~*~*~tactically~*~*~ (stealth).
  8819 | D:9      | 8819 ||| DRINKING 2 potions of curing.
  8819 | D:9      | 8819 ||| (to cure confusion)
  8823 | D:9      | 8823 ||| INVOKING Berserk.
  8888 | D:9      | Noticed a molten gargoyle
  8895 | D:9      | 8895 ||| INVOKING Berserk.
  8897 | D:9      | Killed a molten gargoyle
  8911 | D:9      | Noticed a molten gargoyle
  8915 | D:9      | HP: 20/86 [molten gargoyle/bolt of magma (17)]
  8915 | D:9      | HP: 8/86 [molten gargoyle/bolt of magma (12)]
  8916 | D:9      | 8916 ||| READING 4 scrolls of teleportation.
  8917 | D:9      | HP: 1/86 [molten gargoyle/bolt of magma (8)]
  8918 | D:9      | Killed from afar by a molten gargoyle

Levels and vault maps discovered:
D:1:      amcnicky_arrival_underground_garden, layout_rooms,
          dreamdust_ecumenical_altar_grove, nicolae_figureground_pulse
D:2:      layout_basic, serial_shops, nicolae_shop_crystal, uniq_natasha,
          uniq_sigmund, uniq_robin
D:3:      layout_rooms, mainiacjoe_overflow_boulevard, uniq_terence,
          uniq_crazy_yiuf_cottage
D:4:      minmay_chambers_of_fours, layout_loops_ring,
          nicolae_hepliaklqana_monster_ancestors
D:5:      layout_loops_ring, mainiacjoe_overflow_chevrons, patterned_corridor,
          uniq_menkaure
D:6:      layout_basic, lemuel_round_altar, minmay_temple_entry_junction_2,
          minmay_tree_intersection
D:7:      layout_cave_pools, mainiacjoe_overflow_surrounded_room,
          fedhas_bush_and_centaur_altar, minmay_misc_feat_rugged
D:8:      layout_rooms, old_standard_altar, uniq_erica
D:9:      layout_irregular_city, grunt_lair_entry_orc_guard_hut, david_orc_5,
          palyth_stone_intersect, nrook_mini_backslash, minivault_8

Skill      XL: |  1  2  3  4  5  6  7  8  9 10 |
---------------+-------------------------------+-----
Axes           | 4 5 8 9 10 12 | 12.4
Fighting       | 5 6 7 |  7.1
Armour         | 3 4 |  4.0
Throwing       | 1 |  1.3
Shields        | 5 11 12 | 12.0
Dodging        | |  2.1

Action                   |  1- 3 |  4- 6 |  7- 9 | 10-12 || total
-------------------------+-------+-------+-------+-------++-------
Melee: War axe           |    64 |   113 |   215 |    64 ||   456
       Headbutt          |     9 |    14 |    30 |     6 ||    59
       Punch             |       |     1 |     1 |       ||     2
Throw: Boomerang         |       |       |    37 |    14 ||    51
Invok: Berserk           |     2 |     7 |    10 |     5 ||    24
  Use: Scroll            |     4 |     8 |    10 |     1 ||    23
       Potion            |     1 |     2 |       |     1 ||     4
 Stab: Distracted        |       |       |       |     1 ||     1
Armor: Animal skin       |     8 |       |       |       ||     8
       Chain mail        |     9 |    52 |    83 |    19 ||   163
Dodge: Dodged            |    26 |    34 |    46 |     8 ||   114
Block: Tower shield      |       |       |    70 |    49 ||   119

Table legend:
 A = Non-vault XP
 B = Vault XP
 C = Vault XP percentage of total XP
 D = Non-vault monster count
 E = Vault monster count
 F = Vault count percentage of total count
                 A         B        C        D         E       F
            +---------+---------+-------+---------+---------+-------
      Total |    4888 |    2719 |  35.7 |     158 |      31 |  16.4
            +---------+---------+-------+---------+---------+-------
        D:1 |      40 |       0 |   0.0 |      24 |       0 |   0.0
        D:2 |     131 |     301 |  69.7 |      21 |      14 |  40.0
        D:3 |     159 |      36 |  18.5 |      23 |       1 |   4.2
        D:4 |     517 |     366 |  41.4 |      25 |       8 |  24.2
        D:5 |     500 |     172 |  25.6 |      20 |       1 |   4.8
        D:6 |     915 |       0 |   0.0 |      15 |       0 |   0.0
        D:7 |    1224 |     112 |   8.4 |      12 |       1 |   7.7
        D:8 |    1122 |     839 |  42.8 |      10 |       1 |   9.1
        D:9 |     280 |     893 |  76.1 |       8 |       5 |  38.5
            +---------+---------+-------+---------+---------+-------
